 Dungeon Crawl Stone Soup version 0.29-a0-23-ga79f92ac9c (webtiles) character file.

Game seed: 8576546063244055151

1260 timneilson the Shield-Bearer (level 8, -6/48 HPs)
             Began as a Gargoyle Fighter on Jan 31, 2022.
             Killed by divine providence
             ... invoked by an orc priest
              (16 damage)
             ... on level 5 of the Dungeon.
             The game lasted 00:08:08 (6168 turns).

timneilson the Shield-Bearer (Gargoyle Fighter)     Turns: 6168, Time: 00:08:08

Health: -6/48      AC: 17    Str: 21    XL:     8   Next: 52%
Magic:  8/8        EV: 10    Int: 10    God:
Gold:   233        SH:  6    Dex:  9    Spells: 7/7 levels left

rFire   . . .      SeeInvis .   a - +0 long sword
rCold   . . .      Faith    .   c - +1 buckler
rNeg    + . .      Spirit   .   b - +0 scale mail
rPois   ∞          Reflect  .   (no helmet)
rElec   +          Harm     .   (no cloak)
rCorr   .          Rampage  .   o - +2 pair of gloves
Will    .....                   q - +0 pair of boots
Stlth   ..........              (no amulet)
HPRegen 0.16/turn               (no ring)
MPRegen 0.11/turn               (no ring)

@: no status effects
A: sickness immunity, AC +5, negative energy resistance 1, electricity
resistance, torment resistance 1, petrification resistance
a: no special abilities


You were on level 5 of the Dungeon.
You visited 1 branch of the dungeon, and saw 5 of its levels.
You also visited: Sewer.

You collected 233 gold pieces.

Inventory:

Hand Weapons
 a - a +0 long sword (weapon)
 h - a +2 hand axe of flaming
Armour
 b - a +0 scale mail (worn)
 c - a +1 buckler (worn)
 e - a +0 plate armour of willpower
 o - a +2 pair of gloves (worn)
 q - a +0 pair of boots (worn)
Wands
 k - a wand of mindburst (14)
Scrolls
 f - a scroll of fear
 m - 2 scrolls of teleportation
 p - 3 scrolls of brand weapon {unknown}
 r - a scroll of enchant armour
Potions
 d - 5 potions of flight
 g - 6 potions of heal wounds
 i - 2 potions of curing
 j - 3 potions of attraction {unknown}
 l - a potion of lignification {unknown}
 n - 2 potions of mutation


   Skills:
 + Level 4.9 Fighting
 * Level 4.6 Long Blades
 * Level 6.1 Armour
 + Level 2.4 Dodging
 * Level 6.2 Shields
 + Level 2.3 Evocations


You had 7 spell levels left.
You didn't know any spells.
Your spell library contained the following spells:

 Spells                   Type           Power      Damage    Failure   Level
 Ensorcelled Hibernation  Hex/Ice        0%         N/A       88%         2
 Spider Form              Tmut/Pois      0%         N/A       98%         3
 Anguish                  Hex/Necr       0%         N/A       100%        4


Dungeon Overview and Level Annotations

Branches:
Dungeon (5/15)              Sewer (visited)
 Temple: D:4-7

Altars:
Kikubaaqudgha
Nemelex Xobeh

Annotations:
D:5 2 transporters


Innate Abilities, Weirdness & Mutations

You are immune to sickness and miasma.
Your stone body is resilient. (AC +5)
You are immune to poison.
You resist negative energy. (rN+)
You are resistant to electric shocks. (rElec)
You are resistant to unholy torment.
You are immune to petrification.


Message History

You hit the orc.
You kill the orc!
The orc throws a boomerang.
The boomerang hits you but does no damage.
The orc barely misses you.
You see here a +2 short sword of venom.
You slash the orc!
You kill the orc!
The orc priest invokes the aid of Beogh against you.
Beogh smites you!
Things that are here:
a +0 whip; 2 boomerangs You completely miss the orc wizard.
The orc wizard hits you but does no damage.
You barely miss the orc wizard. The orc wizard closely misses you.
You block the orc wizard's attack.
You barely miss the orc wizard.
The orc priest invokes the aid of Beogh against you.
Beogh smites you!
The orc wizard hits you but does no damage.
You hit the orc wizard.
The orc wizard is lightly wounded.
You block the orc wizard's attack.
The orc priest calls down the wrath of Beogh upon you.
Beogh smites you!
* * * LOW HITPOINT WARNING * * *
You slash the orc wizard!
You kill the orc wizard!
You hit the orc.
The orc is almost dead.
The orc misses you.
You closely miss the orc.
The orc is almost dead.
The orc closely misses you.
You hit the orc.
The orc is almost dead.
The orc hits you but does no damage.
The orc priest invokes the aid of Beogh against you.
Beogh smites you!
You die...

. ##. #.. #.# #.# #o#
#o# #@# #)# #(# #$#
##### #.# ##...#######
#.###.#####.###.......
#......[......#..#####
#.##.######.#.#..#8P#S
#. ##.....#..#.


You could see an orc priest and an orc.

Vanquished Creatures
  Eustachio (D:4)
  An ice beast (D:5)
  A necrophage (D:4)
  4 ogres
  Blork the orc (D:5)
  A wyvern skeleton (D:5)
  2 hounds (D:4)
  2 centaur skeletons
  Ijyb (D:3)
  An iguana (D:5)
  An orc wizard (D:5)
  A hound skeleton (D:3)
  A howler monkey skeleton (D:4)
  9 adders
  6 river rats
  A worm (D:4)
  3 dart slugs
  9 orcs
  16 ball pythons
  7 endoplasms
  9 giant cockroaches
  5 hobgoblins
  6 jackals
  9 kobolds
  6 quokkas
  14 bats
  5 frilled lizards
  10 goblins
  6 rats
139 creatures vanquished.

Notes
Turn   | Place    | Note
-------+----------+-------------------------------------------
     0 | D:1      | timneilson the Gargoyle Fighter began the quest for the
                  | Orb.
     0 | D:1      | Reached XP level 1. HP: 14/14 MP: 1/1
   272 | D:1      | Reached XP level 2. HP: 19/19 MP: 2/2
   440 | D:1      | Found a faded altar of an unknown god.
   809 | D:1      | Reached XP level 3. HP: 23/23 MP: 3/3
  1725 | D:3      | Reached XP level 4. HP: 27/28 MP: 4/4
  1910 | D:3      | Noticed Ijyb
  1923 | D:3      | Killed Ijyb
  2442 | D:3      | Reached XP level 5. HP: 7/33 MP: 5/5
  3126 | D:4      | Found an ancient bone altar of Kikubaaqudgha.
  3163 | D:4      | Reached skill level 1 in Dodging
  3222 | D:4      | Noticed an ogre
  3227 | D:4      | Killed an ogre
  3228 | D:4      | Reached XP level 6. HP: 38/38 MP: 6/6
  3232 | D:4      | Found a sparkling altar of Nemelex Xobeh.
  3365 | D:4      | Noticed a necrophage
  3375 | D:4      | Killed a necrophage
  3376 | D:4      | Reached skill level 1 in Evocations
  3495 | D:4      | Found a glowing drain.
  3499 | Sewer    | Entered a sewer
  3515 | Sewer    | Reached XP level 7. HP: 21/43 MP: 7/7
  3522 | Sewer    | Reached skill level 5 in Shields
  3878 | Sewer    | Reached skill level 5 in Armour
  4681 | D:4      | Noticed Eustachio
  4705 | D:4      | Killed Eustachio
  5370 | D:5      | Entered Level 5 of the Dungeon
  5392 | D:5      | Reached XP level 8. HP: 48/48 MP: 8/8
  5393 | D:5      | Found a transporter.
  5406 | D:5      | Found a transporter.
  5714 | D:5      | Noticed Blork the orc
  5730 | D:5      | Killed Blork the orc
  6168 | D:5      | Killed from afar by an orc priest

Illustrated notes

Levels and vault maps discovered:
D:1:      dpeg_arrival_solitude, layout_basic, hellmonk_ecumenical_altar_zigzags
D:2:      layout_rooms, kennysheep_generic_room_5
D:3:      layout_loops_ring, hangedman_decor_lopped, hangedman_feature_mirror,
          uniq_ijyb
D:4:      layout_basic, mainiacjoe_overflow_paths, nemelex_diamond_rough_becter,
          gup_sewer_entry_spiral, uniq_eustachio
D:5:      gammafunk_steamed_eel, layout_loops_ring, uniq_sigmund,
          uniq_blork_the_orc, uniq_prince_ribbit1, uniq_duvessa

Skill      XL: |  1  2  3  4  5  6  7  8 |
---------------+-------------------------+-----
Long Blades    | 2 3 4 |  4.6
Shields        | 4 5 6 |  6.2
Armour         | 4 5 6 |  6.1
Dodging        | 1 2 |  2.4
Fighting       | 4 |  4.9
Evocations     | 1 2 |  2.3

Action                   |  1- 3 |  4- 6 |  7- 9 || total
-------------------------+-------+-------+-------++-------
Melee: Long sword        |   130 |   176 |   254 ||   560
  Use: Scroll            |     5 |     1 |     5 ||    11
       Potion            |       |     1 |       ||     1
Armor: Scale mail        |    77 |   111 |   154 ||   342
Dodge: Dodged            |    62 |    93 |   174 ||   329
Block: Buckler           |    43 |    52 |    95 ||   190

Table legend: (Time is in decaauts)
 A = Elapsed time spent in this place.
 B = Non-inter-level travel time spent in this place.
 C = Inter-level travel time spent in this place.
 D = Time resting spent in this place.
 E = Time spent auto-exploring this place.
 F = Levels seen in this place.
 G = Mean time per level.
                   A        B        C        D        E       F      G
               +--------+--------+--------+--------+--------+-----+--------+
         Total |   6523 |   6440 |     83 |    498 |   4453 |   6 | 1087.2 |
       Dungeon |   5189 |   5106 |     83 |    355 |   3590 |   5 | 1037.8 |
         Sewer |   1334 |   1334 |      0 |    143 |    862 |   1 | 1334.0 |
               +--------+--------+--------+--------+--------+-----+--------+

Top non-repeatable levels by time:
     D:4: 1448 daAuts
     D:3: 1443 daAuts
   Sewer: 1334 daAuts
     D:1: 899 daAuts
     D:2: 806 daAuts
     D:5: 590 daAuts
